 Dungeon Crawl Stone Soup version 0.16-a0-3668-g5d42bd4 (webtiles) character file.

210 dysrexia the Slasher (level 6, 0/44 HPs)
             Began as a Human Gladiator on Jan 17, 2015.
             Slain by Dowan
             ... wielding a +0 dagger
              (1 damage)
             ... on level 4 of the Dungeon.
             The game lasted 00:10:13 (3129 turns).

dysrexia the Slasher (Human Gladiator)              Turns: 3129, Time: 00:10:14

Health: 0/44       AC:  4    Str: 18    XL:     6   Next: 12%
Magic:  6/6        EV: 12    Int:  8    God:
Gold:   139        SH:  4    Dex: 13    Spells: 0 memorised, 5 levels left

rFire  . . .     SeeInvis .     a - +0 long sword
rCold  . . .     Clarity  .     b - +0 leather armour
rNeg   . . .     SustAb   .     t - +0 buckler
rPois  .         Gourm    .     c - +0 helmet
rElec  .         Spirit   .     (no cloak)
rCorr  .         Warding  .     (no gloves)
rMut   .         Stasis   .     (no boots)
MR     .....                    (no amulet)
Stlth  ++........               m - ring of teleport control
                                k - ring of stealth

@: not resistant to hostile enchantments, unstealthy
A: no striking features
a: Evoke Teleport Control


You were on level 4 of the Dungeon.
You were hungry.

You visited 1 branch of the dungeon, and saw 4 of its levels.

You collected 139 gold pieces.

Inventory:

Hand weapons
 a - a +0 long sword (weapon)
Missiles
 d - 3 throwing nets (quivered)
Armour
 b - a +0 leather armour (worn)
 c - a +0 helmet (worn)
 t - a +0 buckler (worn)
 B - a +0 cloak
Jewellery
 e - an uncursed ring of wizardry
 j - an uncursed ring of protection from cold
 k - a ring of stealth (left hand)
 m - a ring of teleport control (right hand)
 n - an uncursed ring of protection from fire
 s - a +2 ring of intelligence
Scrolls
 h - 2 scrolls of teleportation
 l - 3 scrolls of immolation
 o - a scroll of enchant weapon {unknown}
 u - a scroll of remove curse {unknown}
 y - a scroll of amnesia {unknown}
 z - 2 scrolls of magic mapping {unknown}
Potions
 p - a potion of magic
 q - 4 potions of might
 r - a potion of mutation {unknown}
 v - a potion of ambrosia {unknown}
 w - a potion of beneficial mutation {unknown}
 x - a potion of poison {unknown}
 E - a potion of restore abilities {unknown}
Books
 D - a book of the Sky

   Spells                             Type                      Level
   a - Flight                         Charms/Air                   3
   b - Airstrike                      Air                          4
   c - Silence                        Hexes/Air                    5
   d - Deflect Missiles               Charms/Air                   6
   e - Conjure Ball Lightning         Conjuration/Air              6
   f - Tornado                        Air                          9
Comestibles
 f - 4 bread rations
 g - 2 slices of pizza
 C - a beef jerky


   Skills:
 - Level 2.0 Fighting
 * Level 6.0 Long Blades
 - Level 2.0 Throwing
 - Level 3.0 Dodging
 + Level 1.8 Shields


You had 5 spell levels left.
You didn't know any spells.

Dungeon Overview and Level Annotations

Branches:
Dungeon (4/15)
 Temple: D:4-7

Altars:
Beogh

Annotations:
D:4 Dowan, Duvessa


Message History

Dowan points at you and mumbles some strange words.
The puff of flame misses you.
You hit Duvessa.
Duvessa is moderately wounded.
Duvessa hits you but does no damage.
You are feeling hungry.
You closely miss Duvessa.
Duvessa is moderately wounded.
Duvessa hits you with a short sword.
* * * LOW HITPOINT WARNING * * *
Duvessa zaps a wand.
The puff of frost hits you!
* * * LOW HITPOINT WARNING * * *
You slash Duvessa!
Duvessa is severely wounded.
Duvessa zaps a wand.
The puff of frost hits you!
* * * LOW HITPOINT WARNING * * *
You closely miss Duvessa.
Duvessa is severely wounded.
Dowan hits you with a dagger.
You die...

#######
#<.@..#
#..ee.#
........#
..###.....#
#.....#
.......#
#.#####.#
#. .# .


You could see Duvessa and Dowan.

Vanquished Creatures
  An orc priest (D:3)
  3 orc wizards (D:3)
  2 adders
  2 worms
  6 giant geckos
  4 orcs (D:3)
  6 bats
  4 hobgoblins
  10 jackals
  A ball python (D:2)
  2 giant cockroaches (D:1)
  A giant newt (D:2)
  6 goblins
  9 kobolds
  7 rats
64 creatures vanquished.

Notes
Turn   | Place    | Note
--------------------------------------------------------------
     0 | D:1      | dysrexia, the Human Gladiator, began the quest for the Orb.
     0 | D:1      | Reached XP level 1. HP: 16/16 MP: 1/1
    93 | D:1      | Reached XP level 2. HP: 17/22 MP: 2/2
   351 | D:1      | Reached skill level 4 in Long Blades
   351 | D:1      | Reached XP level 3. HP: 17/27 MP: 3/3
  1018 | D:2      | Reached XP level 4. HP: 23/33 MP: 4/4
  1697 | D:3      | Reached skill level 5 in Long Blades
  1951 | D:3      | Found a roughly hewn altar of Beogh.
  1977 | D:3      | Reached XP level 5. HP: 12/38 MP: 5/5
  2182 | D:3      | Reached skill level 1 in Shields
  2449 | D:3      | Reached XP level 6. HP: 33/44 MP: 6/6
  2849 | D:3      | Reached skill level 6 in Long Blades
  3117 | D:4      | Noticed Duvessa
  3117 | D:4      | Noticed Dowan
  3128 | D:4      | HP: 1/44 [Duvessa/wand of frost (5)]
  3129 | D:4      | Slain by Dowan

Action                   |  1- 3 |  4- 6 || total
-------------------------+-------+-------++-------
Melee: Long sword        |   167 |   122 ||   289
  Use: Scroll            |       |     4 ||     4
 Stab: Sleeping          |       |     1 ||     1
  Eat: Chunk             |     1 |     6 ||     7
